 Dungeon Crawl Stone Soup version 0.24.0-13-gcf9b3192b9 (webtiles) character file.

Game seed: 13677463141314659937, levelgen mode: deterministic

16 Froggeryz the Caller (level 2, 0/20 HPs)
             Began as a Ghoul Summoner on Nov 5, 2019.
             Slain by a kobold (4 damage)
             ... on level 1 of the Dungeon.
             The game lasted 00:01:30 (275 turns).

Froggeryz the Caller (Ghoul Summoner)                Turns: 275, Time: 00:01:31

Health: 0/20       AC:  2    Str: 11    XL:     2   Next: 54%
Magic:  2/3        EV: 12    Int: 10    God:
Gold:   0          SH:  0    Dex:  9    Spells: 3/4 levels left

rFire    . . .     SeeInvis .   (no weapon)
rCold    + . .     Gourm    .   (no shield)
rNeg     + + +     Faith    .   a - +0 robe
rPois    ∞         Spirit   .   (no helmet)
rElec    .         Reflect  .   (no cloak)
rCorr    .         Harm     .   (no gloves)
MR       .....                  (no boots)
Stlth    ++........             (no amulet)
HPRegen  0.00/turn              (no ring)
MPRegen  0.08/turn              (no ring)

@: rotting
A: rotting body, claws 1, carnivore, cold resistance 1, negative energy
resistance 3, inhibited regeneration, torment resistance, unbreathing
a: no special abilities


You were on level 1 of the Dungeon.
You were not hungry.

You visited 1 branch of the dungeon, and saw 1 of its levels.

Inventory:

Armour
 a - a +0 robe (worn)
Scrolls
 b - a scroll of remove curse {unknown}
 d - a scroll of teleportation {unknown}
 e - a scroll of magic mapping {unknown}
Comestibles
 c - 3 rations
 f - a chunk of flesh


   Skills:
 - Level 2.0 Dodging
 - Level 2.2 Stealth
 + Level 1.9 Spellcasting
 * Level 4.0 Summonings


You had 3 spell levels left.
You knew the following spells:

 Your Spells              Type           Power        Failure   Level  Hunger
a - Summon Small Mammal   Summ           #...         6%          1    ##.....

Your spell library contained the following spells:

 Spells                   Type           Power        Failure   Level  Hunger
 Call Imp                 Summ           #.......     9%          2    ###....
 Call Canine Familiar     Summ           #.......     19%         3    ####...
 Summon Guardian Golem    Hex/Summ       #.......     38%         3    ####...
 Summon Ice Beast         Ice/Summ       #.......     80%         4    #####..
 Summon Lightning Spire   Summ/Air       #.......     80%         4    #####..


Dungeon Overview and Level Annotations

Branches:
Dungeon (1/15)

Altars:


Innate Abilities, Weirdness & Mutations

Your body is rotting away.
You thrive on raw meat.
You are immune to poison.
You have sharp fingernails.
You are carnivorous and can eat meat at any time.
Your flesh is cold resistant. (rC+)
You are immune to negative energy. (rN+++)
You do not regenerate when monsters are visible.
You are immune to unholy pain and torment.
You can survive without breathing.


Message History

The kobold is moderately wounded.
Your bat hits the kobold but does no damage.
The kobold hits you.
* * * LOW HITPOINT WARNING * * *
You barely miss the kobold.
The kobold is moderately wounded.
Your bat closely misses the kobold.
A slug dart appears from out of your range of vision.
The slug dart hits your bat.
Your bat dies!
Your bat's corpse disappears in a puff of smoke!
The kobold closely misses you.
You scratch the kobold.
The kobold is severely wounded.
The kobold closely misses you.
Casting: Summon Small Mammal (safe; 6% risk of failure)
Confirm with . or Enter, or press ? or * to list all spells.
A dart slug comes into view.
The leopard gecko misses you. The kobold hits you.
You die...

#......##############.
#.....>....# .......
####.......# .......#
#((.....# #...#...
#.......# #...#..
#.......# .#...#.
##.b.....# . .#.#.#
#..(.....# #...#...
#..@.....# #...<
#.lK.###... #.....
#....# .#. ...#...#
#....# # . ##.# #....#
..# #....# ..# #.....
... #...w. ..


You could see a dart slug (wandering), a leopard gecko, a kobold and a friendly
bat.

Vanquished Creatures
  2 leopard geckos (D:1)
  2 giant cockroaches (D:1)
  4 jackals (D:1)
  A kobold (D:1)
  2 frilled lizards (D:1)
  2 rats (D:1)
13 creatures vanquished.

Notes
Turn   | Place    | Note
-------+----------+-------------------------------------------
     0 | D:1      | Froggeryz the Ghoul Summoner began the quest for the Orb.
     0 | D:1      | Reached XP level 1. HP: 14/14 MP: 2/2
   125 | D:1      | Reached XP level 2. HP: 14/20 MP: 3/3
   156 | D:1      | Reached skill level 4 in Summonings
   275 | D:1      | Slain by a kobold

Levels and vault maps discovered:
D:1:      matt_arrival_diagonals, layout_basic

Skill      XL: |  1  2 |
---------------+-------+-----
Dodging        | 2 |  2.0
Summonings     | 4 |  4.0
Stealth        | |  2.2
Spellcasting   | |  1.9

Action                   || total
-------------------------++-------
Melee: Unarmed           ||    53
 Cast: Summon Small Mamm ||     8
 Stab: Sleeping          ||     2
  Eat: Chunk             ||     7
Armor: Robe              ||     7
Dodge: Dodged            ||    44
